 Dungeon Crawl Stone Soup version 0.31.0-10-gcf4a605ca0 (webtiles) character file.

Game seed: 1600107447411834597

56 Gadfly the Changeling (level 3, -2/27 HPs)
             Began as a Merfolk Shapeshifter on Jan 26, 2024.
             Slain by a gnoll
             ... wielding a +0 halberd
              (9 damage)
             ... on level 3 of the Dungeon.
             The game lasted 00:03:13 (1836 turns).

Gadfly the Changeling (Merfolk Shapeshifter)        Turns: 1836, Time: 00:03:14

Health: -2/27      AC:  2    Str: 14    XL:     3   Next: 95%
Magic:  3/3        EV: 13    Int:  9    God:
Gold:   62         SH:  0    Dex: 15    Spells: 2/2 levels left

rFire   . .          .
                       - Unarmed
rCold   . . .        (no shield)
rNeg    . . .        a - +0 animal skin
rPois   .            (helmet currently unavailable)
rElec   .            (cloak currently unavailable)
rCorr   .            (gloves currently unavailable)
SInv    .            (boots currently unavailable)
Will    .....        (no amulet)
Stlth   +            (no ring)
HPRegen 0.24/turn    (no ring)
MPRegen 0.08/turn

%: no passive effects
@: lethally poisoned (-2 -> -8), beast-form
A: beast (slay +2), (nimble swimmer 2), mertail
a: Begin Untransformation


You were on level 3 of the Dungeon.
You were a hulking beast.
You visited 1 branch of the dungeon, and saw 3 of its levels.

You collected 62 gold pieces.

Inventory:

Armour
 a - a +0 animal skin (worn)
Talismans
 c - a beast talisman (active)
 d - a flux talisman
Wands
 b - a wand of polymorph (12)
Scrolls
 g - 2 scrolls of identify
Potions
 f - a potion of curing
 h - a potion of attraction
 j - 2 potions of heal wounds


   Skills:
 + Level 1.9 Fighting
 + Level 3.2 Dodging
 * Level 3.9 Unarmed Combat
 * Level 1.5 Evocations
 + Level 4.3 Shapeshifting


You had 2 spell levels left.
You didn't know any spells.
Your spell library contained the following spells:

 Spells                   Type           Power      Damage    Failure   Level
 Sandblast                Erth           0%         2d4       38%         1
 Sting                    Conj/Alch      0%         1d3       38%         1
 Mercury Vapours          Alch/Air       0%         N/A       52%         2
 Passwall                 Erth           0%         N/A       77%         3
 Stone Arrow              Conj/Erth      0%         3d7       77%         3
 Animate Armour           Summ/Erth      0%         N/A       99%         4
 Brom's Barrelling Bould  Conj/Erth      0%         2d3       99%         4
 Olgreb's Toxic Radiance  Alch           0%         N/A       99%         4
 Lehudib's Crystal Spear  Conj/Erth      0%         10d2      100%        8


Dungeon Overview and Level Annotations

Branches:
Dungeon (3/15)

Altars:


Innate Abilities, Weirdness & Mutations

You are a hulking beast.
Your limbs bulge with bestial killing power. (Slay +2)
((You are very nimble when in or above water. (Stealth+, EV+, Speed+++)))
Your lower body shifts to a powerful aquatic tail in water.


Message History

No target in view!
No target in view!
No target in view!
No target in view!
Found a dagger.
Found a leather armour.
Found a stone staircase leading down.
A rat comes into view.
The rat squeaks loudly.
You hear a shout! x3
A rat is nearby!
You closely miss the rat. The rat bites you.
A gnoll comes into view. It is wielding a +0 halberd.
A scorpion comes into view.
You closely miss the rat. The rat bites you.
The gnoll shouts!
You hit the rat but do no damage. The rat misses you.
You hit the rat but do no damage. The rat bites you.
You hit the rat.
You kill the rat!
You punch the scorpion!
The scorpion is heavily wounded.
The scorpion stings you.
A gnoll comes into view. It is wielding a +0 halberd.
The gnoll hits you from afar with a +0 halberd!
Ouch! That really hurt!
* * * LOW HITPOINT WARNING * * *
You feel better. The scorpion misses you. The gnoll closely misses you.
You hit the scorpion.
The scorpion is severely wounded.
The scorpion stings you.
You are poisoned.
The scorpion poisons you! The gnoll barely misses you.
The gnoll closely misses you.
You hit the scorpion but do no damage.
The scorpion is severely wounded.
* * * LOW HITPOINT WARNING * * *
You feel very sick. The scorpion misses you.
The gnoll hits you from afar with a +0 halberd!
You die...

#...# #. #...# ##. #...#
######.. #...# ##......#
### #...# #........ ....
#...#####........ .....
#...#............
.....g##..[....)........
.....gsh...............P
.....##..#..........####
... #>...########## #. .
####.# #♣ #.# #. #.# ..
#.# .P .


You could see a scorpion and 2 gnolls.

Vanquished Creatures
  2 dart slugs (D:2)
  A ribbon worm (D:2)
  An orc (D:3)
  A bat (D:3)
  4 endoplasms
  A giant cockroach (D:2)
  5 hobgoblins
  5 jackals
  4 quokkas
  5 ball pythons
  3 goblins
  5 kobolds
  6 rats
43 creatures vanquished.

Notes
Turn   | Place    | Note
-------+----------+-------------------------------------------
     0 | D:1      | Gadfly the Merfolk Shapeshifter began the quest for the
                  | Orb.
     0 | D:1      | Reached XP level 1. HP: 15/15 MP: 1/1
    61 | D:1      | Reached XP level 2. HP: 3/21 MP: 2/2
  1083 | D:2      | Reached XP level 3. HP: 20/26 MP: 3/3
  1139 | D:2      | Reached skill level 1 in Evocations
  1828 | D:3      | Noticed a scorpion
  1836 | D:3      | Slain by a gnoll

Illustrated notes

Levels and vault maps discovered:
D:1:      minmay_arrival_checkered_box, layout_loops_ring
D:2:      layout_basic, kennysheep_generic_room_3
D:3:      layout_basic, serial_shops, nicolae_diamond_shop,
          minmay_misc_feat_encased, serial_bayou_pond_b, uniq_robin

Skill      XL: |  1  2  3 |
---------------+----------+-----
Dodging        | 3 |  3.2
Evocations     | 1 |  1.5
Fighting       | |  1.9
Unarmed Combat | |  3.9
Shapeshifting  | |  4.3

Action                     || total
---------------------------++-------
  Melee: Unarmed           ||   120
         Punch             ||     3
    Use: Potion            ||     3
         Scroll            ||     9
   Stab: Sleeping          ||     1
 Armour: Animal skin       ||    56
         Skin              ||     5
  Dodge: Dodged            ||    67
   Form: Beast             ||     1
         Flux              ||     1
